 Dungeon Crawl Stone Soup version 0.27.1-33-g824d729ab1 (webtiles) character file.

Game seed: 15951664566957854465

168 H0rd4k the Charlatan (level 5, 0/38 HPs)
             Began as a Human Artificer on Dec 8, 2021.
             Slain by a crimson imp (1 damage)
             ... while petrified by a crimson imp
             ... on level 3 of the Dungeon.
             The game lasted 00:06:02 (4019 turns).

H0rd4k the Charlatan (Human Artificer)              Turns: 4019, Time: 00:06:03

Health: 0/38       AC:  3    Str: 13    XL:     5   Next: 78%
Magic:  5/5        EV:  2    Int: 11    God:
Gold:   176        SH:  0    Dex: 14    Spells: 4/4 levels left

rFire    . . .     SeeInvis .   j - +2 short sword (vamp)
rCold    . . .     Faith    .   (no shield)
rNeg     + + +     Spirit   .   b - +0 leather armour
rPois    ∞         Reflect  .   (no helmet)
rElec    .         Harm     .   n - scarf {+Inv}
rCorr    .         Rampage  .   (no gloves)
Will     .....                  (no boots)
Stlth    +.........             (no amulet)
HPRegen  0.12/turn              (no ring)
MPRegen  0.09/turn              (no ring)

@: petrified
A: no striking features
a: Evoke Invisibility


You were on level 3 of the Dungeon.
You visited 1 branch of the dungeon, and saw 3 of its levels.

You collected 176 gold pieces.

Inventory:

Hand Weapons
 j - a +2 vampiric short sword (weapon)
Armour
 b - a +0 leather armour (worn)
 n - a scarf of invisibility (worn)
Wands
 c - a wand of flame (6) (quivered)
 d - a wand of charming (9)
Scrolls
 f - a scroll of blinking {unknown}
 h - a scroll of noise {unknown}
 k - a scroll of amnesia {unknown}
 l - 3 scrolls of identify {unknown}
Potions
 a - a potion of lignification {unknown}
 g - 2 potions of haste {unknown}
 i - a potion of resistance {unknown}
 m - a potion of magic {unknown}
Miscellaneous
 e - a piece from Xom's chessboard (14/15)


   Skills:
 + Level 2.0 Fighting
 + Level 2.8 Short Blades
 * Level 1.0 Polearms
 - Level 2.0 Armour
 + Level 1.9 Dodging
 - Level 1.0 Stealth
 + Level 4.1 Evocations


You had 4 spell levels left.
You didn't know any spells.
Your spell library contained the following spells:

 Spells                   Type           Power      Damage    Failure   Level
 Borgnjor's Revivificati  Necr           0%         N/A       100%        8
 Necromutation            Tmut/Necr      0%         N/A       100%        8
 Death's Door             Necr           0%         N/A       100%        9


Dungeon Overview and Level Annotations

Branches:
Dungeon (3/15)

Altars:
Makhleb
Xom

Shops:
D:1 =?**(


Message History

A crimson imp is nearby!
You closely miss the crimson imp. The crimson imp closely misses you.
You hit the crimson imp.
The crimson imp is moderately wounded.
The crimson imp hits you with a +0 dagger of chaos.
You hit the crimson imp.
The crimson imp is heavily wounded.
The crimson imp closely misses you.
You hit the crimson imp but do no damage.
The crimson imp is heavily wounded.
The crimson imp hits you with a +0 dagger of chaos.
You are slowing down.
You hit the crimson imp.
The crimson imp is severely wounded.
The crimson imp hits you but does no damage.
The crimson imp hits you with a +0 dagger of chaos.
The crimson imp burns you.
Your limbs are stiffening.
You hit the crimson imp.
The crimson imp is severely wounded.
The crimson imp hits you with a +0 dagger of chaos.
You have turned to stone.
The crimson imp hits you with a +0 dagger of chaos.
The crimson imp burns you.
The crimson imp hits you with a +0 dagger of chaos.
The crimson imp freezes you.
The crimson imp blinks!
The crimson imp hits you with a +0 dagger of chaos.
The crimson imp hits you but does no damage.
The crimson imp hits you with a +0 dagger of chaos.
You are electrocuted!!
The crimson imp hits you with a +0 dagger of chaos.
The crimson imp burns you.
The crimson imp hits you with a +0 dagger of chaos.
You are electrocuted!
* * * LOW HITPOINT WARNING * * *
The crimson imp hits you with a +0 dagger of chaos.
You are electrocuted!
* * * LOW HITPOINT WARNING * * *
The crimson imp hits you with a +0 dagger of chaos.
You die...

#####.#.####
#.....#...<#
#.##########
#.....# #####
#..##.# #....
#..##.###....
######..).........
#.......##.###..).
#@#.........##....
#5##.....#..##....
...#.....#..######
#...#..........###.
#_._#.....#.#...##.
#########.......##.
#####...##. #...###
#####


You could see a crimson imp.

Vanquished Creatures
  A water moccasin zombie (D:3)
  Terence (D:3)
  3 gnolls (D:2)
  2 adders (D:3)
  A worm (D:3)
  2 dart slugs
  2 orcs (D:3)
  2 ball pythons (D:1)
  3 bats
  5 endoplasms
  A giant cockroach (D:2)
  4 goblins
  7 hobgoblins
  8 kobolds
  3 quokkas
  2 frilled lizards
  3 rats
50 creatures vanquished.

Vanquished Creatures (collateral kills)
  3 gnolls (D:2)
  2 orcs (D:3)
5 creatures vanquished.

Vanquished Creatures (others)
  A gnoll (D:2)
1 creature vanquished.

Grand Total: 56 creatures vanquished

Notes
Turn   | Place    | Note
-------+----------+-------------------------------------------
     0 | D:1      | H0rd4k the Human Artificer began the quest for the Orb.
     0 | D:1      | Reached XP level 1. HP: 15/15 MP: 1/1
    34 | D:1      | Found Daeclio's General Store.
   609 | D:1      | Reached XP level 2. HP: 15/21 MP: 2/2
   691 | D:1      | Found Regiwibb's Weapon Emporium.
   911 | D:1      | Found Meman's General Store.
  1280 | D:1      | Found Yros's Jewellery Shop.
  1293 | D:1      | Reached XP level 3. HP: 12/26 MP: 3/3
  1298 | D:1      | Found Fipeneku's Magic Scroll Shoppe.
  1754 | D:2      | Reached skill level 1 in Short Blades
  2199 | D:2      | Reached XP level 4. HP: 26/32 MP: 4/4
  2300 | D:2      | Found a faded altar of an unknown god.
  2791 | D:3      | Reached skill level 4 in Evocations
  3221 | D:3      | Reached XP level 5. HP: 38/38 MP: 5/5
  3290 | D:3      | Noticed Terence
  3310 | D:3      | Killed Terence
  3685 | D:3      | Reached skill level 1 in Polearms
  4003 | D:3      | Found a burning altar of Makhleb.
  4003 | D:3      | Found a shimmering altar of Xom.
  4018 | D:3      | HP: 1/38 [crimson imp (8)]
  4019 | D:3      | Slain by a crimson imp

Illustrated notes

Levels and vault maps discovered:
D:1:      scummos_arrival_checkerplants, layout_rooms, serial_shops,
          nicolae_shop_stone, nicolae_square_shop, shop, shop_coins,
          nicolae_square_shop
D:2:      layout_basic, chequers_ecumenical_altar_lobes
D:3:      layout_basic, grunt_temple_overflow_champion_of_chaos, wad_orctagon,
          uniq_terence

Skill      XL: |  1  2  3  4  5 |
---------------+----------------+-----
Short Blades   | 1 2 |  2.8
Evocations     | 4 |  4.1
Fighting       | 2 |  2.0
Polearms       | 1 |  1.0
Armour         | |  2.0
Dodging        | |  1.9
Stealth        | |  1.0

Action                   |  1- 3 |  4- 6 || total
-------------------------+-------+-------++-------
Melee: Club              |    29 |       ||    29
       Short sword       |    94 |    92 ||   186
Evoke: Wand              |     9 |     6 ||    15
       Piece from Xom's  |     1 |     2 ||     3
  Use: Scroll            |     1 |     2 ||     3
 Stab: Sleeping          |     1 |       ||     1
Armor: Leather armour    |    29 |    15 ||    44
Dodge: Dodged            |    67 |    36 ||   103
